 Dungeon Crawl Stone Soup version 0.32-a0-909-gc671339a80 (webtiles) character file.

Game seed: 17561135056596044225

5 Heh the Apothecary (level 1, 0/14 HPs)
             Began as a Coglin Alchemist on Apr 7, 2024.
             Slain by a goblin
             ... wielding a +0 club
              (4 damage)
             ... on level 1 of the Dungeon.
             The game lasted 00:00:52 (184 turns).

Heh the Apothecary (Coglin Alchemist)                Turns: 184, Time: 00:00:53

Health: 0/14       AC:  2    Str:  8    XL:     1   Next: 80%
Magic:  1/3        EV: 11    Int: 14    God:
Gold:   10         SH:  0    Dex: 14    Spells: 2/3 levels left

rFire   . . .        d - +0 whip {Chinhae}
rCold   . . .        (no shield)
rNeg    . . .        a - +0 robe
rPois   .            (no helmet)
rElec   .            (no cloak)
rCorr   .            (no gloves)
SInv    .            (no boots)
Will    .....        (amulet unavailable)
Stlth   ++           (ring unavailable)
HPRegen 0.22/turn    (ring unavailable)
MPRegen 0.08/turn    (no gizmo)

%: no passive effects
@: revved
A: off-hand wielding, slow wielding, warmup strikes, no jewellery
a: Invent Gizmo


You were on level 1 of the Dungeon.
You visited 1 branch of the dungeon, and saw 1 of its levels.

You collected 10 gold pieces.

Inventory:

Hand Weapons
 d - a +0 whip (weapon) {Chinhae}
Armour
 a - a +0 robe (worn)
Potions
 b - a potion of magic
 c - a potion of might {unknown}


   Skills:
 + Level 0.3 Fighting
 - Level 1.7 Dodging
 - Level 1.5 Stealth
 + Level 1.9 Spellcasting
 - Level 0.8 Conjurations
 * Level 3.5 Alchemy


You had 2 spell levels left.
You knew the following spells:

 Your Spells              Type           Power      Damage    Failure   Level
a - Sting                 Conj/Alch      28%        1d4       10%         1

Your spell library contained the following spells:

 Spells                   Type           Power      Damage    Failure   Level
 Mercury Vapours          Alch/Air       12%        N/A       19%         2
 Mephitic Cloud           Conj/Alch/Air  5%         N/A       36%         3
 Olgreb's Toxic Radiance  Alch           11%        N/A       50%         4
 Sticky Flame             Fire/Alch      6%         2d4       75%         4


Dungeon Overview and Level Annotations

Branches:
Dungeon (1/15)

Altars:


Innate Abilities, Weirdness & Mutations

You can wield a second weapon in your off-hand.
It takes a long time for you to wield or remove held weapons.
Your first few attacks do less damage.
You cannot equip rings or amulets.


Message History

The kobold shouts!
You hear a shout!
You hear a loud squeak.
You hear a shout!
A goblin comes into view. It is wielding a +0 club.
A rat comes into view.
The sting hits the endoplasm.
The endoplasm partially resists.
The endoplasm is poisoned.
The endoplasm is moderately wounded.
The endoplasm barely misses you.
The sting hits the endoplasm.
The endoplasm looks even sicker.
The endoplasm is heavily wounded.
The endoplasm hits you.
The sting hits the endoplasm.
The endoplasm partially resists.
The endoplasm is heavily wounded.
The endoplasm hits you.
You are out of magic!
You kill the endoplasm!
The kobold closely misses you.
You hit the kobold but do no damage.
The kobold hits you with a +0 short sword.
The goblin attacks as it pursues you! The goblin closely misses you.
You hit the goblin but do no damage. The goblin closely misses you.
You hit the goblin but do no damage. The goblin misses you.
You barely miss the goblin. The goblin hits you with a +0 club.
You hit the goblin.
The goblin is heavily wounded.
The goblin hits you with a +0 club. The rat bites you.
You barely miss the goblin.
The goblin is heavily wounded.
The goblin hits you with a +0 club. The rat completely misses you.
You hit the rat.
The rat is heavily wounded.
The goblin misses you. The rat barely misses you. The goblin barely misses you.
You closely miss the rat.
The rat is heavily wounded.
The rat bites you.
* * * LOW HITPOINT WARNING * * *
The goblin barely misses you. The rat bites you but does no damage.
You hit the rat but do no damage.
The rat is heavily wounded.
The goblin hits you with a +0 club.
You die...

.........ß# # ..ß...ß...#
...#.# .........ß###.......
.........##....##. .. #.# #
...........##....# #. #.# .#
###.####....#....# #.###.##
..## #.###.....#....#
...#..##....
#......[.......### .....#r..#
###..........@gK###.#....#.##
#.........r##.....#)|......
##...†.........##.....#.
##......###.#............$.
#.......###..#.......!.....
#.......##.....#.......#...
#.........†#.###.......# ..
##.......###.# #.....#... .
##....### #.# #####......


You could see a goblin, a kobold and a rat.

Vanquished Creatures
  An endoplasm (D:1)
  A quokka (D:1)
  A ball python (D:1)
  A bat (D:1)
  A frilled lizard (D:1)
  A kobold (D:1)
6 creatures vanquished.

Notes
Turn   | Place    | Note
-------+----------+-------------------------------------------
     0 | D:1      | Heh the Coglin Alchemist began the quest for the Orb.
     0 | D:1      | Reached XP level 1. HP: 13/13 MP: 3/3
   184 | D:1      | Slain by a goblin

Illustrated notes

Levels and vault maps discovered:
D:1:      mrwooster_arrival_statue_2, layout_rooms

Action                     || total
---------------------------++-------
  Melee: Unarmed           ||    13
         Whip              ||    11
   Cast: Sting             ||    11
 Armour: Robe              ||    22
  Dodge: Dodged            ||    35

Table legend: (Time is in decaauts)
 A = Elapsed time spent in this place.
 B = Non-inter-level travel time spent in this place.
 C = Inter-level travel time spent in this place.
 D = Time resting spent in this place.
 E = Time spent auto-exploring this place.
 F = Levels seen in this place.
 G = Mean time per level.
                   A        B        C        D        E       F      G
               +--------+--------+--------+--------+--------+-----+--------+
         Total |    185 |    185 |      0 |      0 |    116 |   1 |  185.0 |
       Dungeon |    185 |    185 |      0 |      0 |    116 |   1 |  185.0 |
               +--------+--------+--------+--------+--------+-----+--------+

Top non-repeatable levels by time:
     D:1: 185 daAuts
